 Dungeon Sprint DCSS version 0.26.1-11-gd32895ea62 (webtiles) character file.

Game seed: 6875817378334608846

20161 shadow764 the Severer (level 12, -8/125 HPs)
             Began as a Minotaur Fighter on Apr 19, 2021.
             Was the Champion of Makhleb.
             Mangled by Agnes
             ... wielding a +2 vampiric lajatang
              (21 damage)
             ... in the Dungeon (Sprint IX: "|||||||||||||||||||||||||||||").
             The game lasted 00:06:33 (2288 turns).

shadow764 the Severer (Minotaur Fighter)            Turns: 2288, Time: 00:06:34

Health: -8/125     AC: 17    Str: 23    XL:     12   Next: 42%
Magic:  12/12      EV: 15    Int:  7    God:    Makhleb [******]
Gold:   1137       SH: 23    Dex: 11    Spells: 11/11 levels left

rFire    . . .     SeeInvis .   o - +3 war axe (vorpal)
rCold    . . .     Faith    .   F - +1 tower shield
rNeg     . . .     Spirit   .   B - +3 scale mail
rPois    .         Reflect  .   (helmet restricted)
rElec    .         Harm     .   i - +0 cloak
rCorr    .         Rampage  .   q - +0 pair of gloves
Will     .....     NoTele   +   (no boots)
Stlth    ..........             (no amulet)
HPRegen  0.30/turn              r - +2 ring of evasion
MPRegen  0.13/turn              s - +2 ring of evasion

@: no status effects
A: retaliatory headbutt, horns 2
a: Renounce Religion, Minor Destruction, Lesser Servant of Makhleb, Major
Destruction, Greater Servant of Makhleb


You were in the Dungeon.
You worshipped Makhleb.
Makhleb was exalted by your worship.
You visited 1 branch You collected 1202 gold pieces.
You spent 65 gold pieces at shops.

Inventory:

Hand Weapons
 a - a +0 long sword
 o - a +3 vorpal war axe (weapon)
Armour
 i - a +0 cloak (worn)
 q - a +0 pair of gloves (worn)
 B - a +3 scale mail (worn)
 C - +1 ice dragon scales
 F - a +1 tower shield (worn)
Jewellery
 r - a +2 ring of evasion (left hand)
 s - a +2 ring of evasion (right hand)
 w - an uncursed ring of fire
 x - an uncursed ring of flight
 y - an uncursed ring of fire
 z - an uncursed ring of fire
Wands
 n - a wand of iceblast (10)
Scrolls
 g - a scroll of magic mapping
 j - 4 scrolls of blinking
 l - 6 scrolls of remove curse
 m - 2 scrolls of amnesia
 t - a scroll of fear
 u - a scroll of fog
 v - 6 scrolls of enchant weapon
Potions
 b - 2 potions of brilliance
 d - 3 potions of might
 e - 8 potions of curing
 f - 3 potions of heal wounds
 h - 4 potions of magic
 k - a potion of invisibility


   Skills:
 + Level 17.4 Fighting
 + Level 9.6 Long Blades
 + Level 18.6 Axes
 + Level 16.8 Armour
 + Level 5.5 Dodging
 + Level 0.2 Stealth
 + Level 18.3 Shields
 + Level 2.4 Invocations


You had 11 spell levels left.
You didn't know any spells.
Your spell library was empty.

Dungeon Overview and Level Annotations

Branches:
Dungeon (1/1)

Altars:
Cheibriados
Dithmenos
Elyvilon
Fedhas
Gozag
Hepliaklqana
Kikubaaqudgha
Makhleb
Nemelex Xobeh
Okawaru
Qazlal
Ru
Sif Muna
Trog
Uskayaw
Vehumet
Wu Jian
Xom
Yredelemnul
Zin
The Shining One
Beogh
Jiyva
Lugonu

Shops:
D (:(*

Annotations:
D Agnes


Innate Abilities, Weirdness & Mutations

You reflexively headbutt those who attack you in melee.
You have a pair of horns on your head.


Message History

Rupert hits you with a +1 executioner's axe of flaming!
* * * LOW HITPOINT WARNING * * *
Rupert burns you.
* * * LOW HITPOINT WARNING * * *
You slash Rupert!
You kill Rupert!
Makhleb accepts your kill.
You feel better. Something hits you!!
* * * LOW HITPOINT WARNING * * *
Your Dodging skill increases to level 5!
Your Shields skill increases to level 18!
You start resting.
Something hits you!
* * * LOW HITPOINT WARNING * * *
You miss something. Your headbutt misses something.
You block something's attack.
You barely miss something. You block something's attack. x2
You hit something but do no damage. Your headbutt misses something.
You block something's attack.
You hit something. Your headbutt misses something. Something hits you!!
You die...

▓.▓.▓'▓.▓.▓.▓.▓
▓.▓.▓.▓)▓.▓)▓.▓.▓
▓.▓)▓.▓)▓.▓.▓.▓.▓
▓.▓)▓.▓)▓.▓.▓.▓'▓
▓.▓)▓.▓)▓.▓.▓.▓_▓
▓.▓)▓.▓)▓.▓.▓.▓_▓
▓.▓)▓.▓.▓.▓.▓.▓_▓
▓{▓)▓.▓.▓.▓.▓.▓_▓
▓@▓)▓.▓.▓.▓'▓.▓_▓
▓.▓)▓.▓.▓.▓†▓.▓_▓
▓.▓.▓.▓.▓.▓.▓.▓_▓
▓.▓.▓.▓.▓.▓.▓.▓_▓
▓.▓.▓.▓.▓.▓.▓.▓_▓
▓.▓[▓.▓.▓.▓.▓.▓_▓
▓.▓[▓.▓'▓.▓.▓.▓_▓
▓.▓.▓.▓)▓.▓.▓.▓_▓
▓.▓.▓.▓)▓.▓.▓.▓_▓


There were no monsters in sight!

Vanquished Creatures
  Rupert (D)
  2 fire dragons (D)
  An ice dragon (D)
  A hydra (D)
  A two-headed ogre (D)
  A centaur warrior (D)
  A tengu warrior (D)
  A deep troll shaman (D)
  2 wizards (D)
  2 unseen horrors (D)
  3 orc knights (D)
  5 orc sorcerers (D)
  An ugly thing (D)
  An elephant (D)
  Psyche (D)
  3 cane toads (D)
  A gargoyle (D)
  A komodo dragon (D)
  A yaktaur (shapeshifter) (D)
  A rime drake (D)
  A raiju (shapeshifter) (D)
  3 blink frogs (D)
  2 shadows (D)
  A wyvern (D)
  2 yaks (D)
  2 wargs (D)
  2 hell hounds (D)
  4 water moccasins (D)
  8 orc warriors (D)
  A black bear (D)
  2 centaurs (D)
  4 wolves (D)
  2 bullfrogs (D)
  A wight (D)
  6 orc priests (D)
  A hound (D)
  12 orc wizards (D)
  2 worker ants (D)
  An adder (D)
  An adder zombie (D)
  5 orcs (D)
  A giant cockroach (D)
  A hobgoblin (D)
  A kobold (D)
  A goblin (D)
  2 jackal skeletons (D)
  A quokka zombie (D)
  2 rats (D)
103 creatures vanquished.

Notes
Turn   | Place    | Note
-------+----------+-------------------------------------------
     0 | D        | shadow764 the Minotaur Fighter began the quest for the Orb.
     0 | D        | Reached XP level 1. HP: 19/19 MP: 0/0
    62 | D        | Noticed a hound
    64 | D        | Killed a hound
    65 | D        | Reached skill level 5 in Fighting
    65 | D        | Reached skill level 5 in Armour
    65 | D        | Reached skill level 5 in Shields
    65 | D        | Reached XP level 2. HP: 23/29 MP: 1/1
    65 | D        | Reached XP level 3. HP: 29/36 MP: 2/2
   290 | D        | Found a roughly hewn altar of Beogh.
   290 | D        | Found a snail-covered altar of Cheibriados.
   290 | D        | Found a shadowy altar of Dithmenos.
   290 | D        | Found a white marble altar of Elyvilon.
   290 | D        | Found a blossoming altar of Fedhas.
   290 | D        | Found an opulent altar of Gozag.
   291 | D        | Found a hazy altar of Hepliaklqana.
   292 | D        | Found a viscous altar of Jiyva.
   293 | D        | Found an ancient bone altar of Kikubaaqudgha.
   294 | D        | Found a corrupted altar of Lugonu.
   295 | D        | Found a burning altar of Makhleb.
   296 | D        | Found a sparkling altar of Nemelex Xobeh.
   297 | D        | Found an iron altar of Okawaru.
   298 | D        | Found a stormy altar of Qazlal.
   299 | D        | Found a sacrificial altar of Ru.
   300 | D        | Found a shimmering blue altar of Sif Muna.
   301 | D        | Found a bloodstained altar of Trog.
   302 | D        | Found a hide-covered altar of Uskayaw.
   303 | D        | Became a worshipper of Makhleb the Destroyer
   304 | D        | Found a radiant altar of Vehumet.
   305 | D        | Found an ornate altar of the Wu Jian Council.
   306 | D        | Found a shimmering altar of Xom.
   307 | D        | Found a basalt altar of Yredelemnul.
   308 | D        | Found a glowing silver altar of Zin.
   309 | D        | Found a glowing golden altar of the Shining One.
   359 | D        | Noticed a centaur
   359 | D        | Noticed a gargoyle
   359 | D        | Noticed a centaur
   363 | D        | Reached XP level 4. HP: 45/45 MP: 3/3
   366 | D        | Killed a centaur
   367 | D        | Reached skill level 5 in Long Blades
   367 | D        | Reached skill level 1 in Axes
   367 | D        | Reached XP level 5. HP: 47/53 MP: 4/4
   380 | D        | Killed a gargoyle
   380 | D        | Reached * piety under Makhleb
   381 | D        | Reached XP level 6. HP: 25/66 MP: 5/5
   385 | D        | Reached skill level 10 in Fighting
   387 | D        | Reached ** piety under Makhleb
   388 | D        | Reached XP level 7. HP: 28/72 MP: 6/6
   592 | D        | Noticed a two-headed ogre
   592 | D        | Noticed a wyvern
   602 | D        | Killed a two-headed ogre
   603 | D        | Reached XP level 8. HP: 63/82 MP: 7/7
   608 | D        | Reached *** piety under Makhleb
   727 | D        | Noticed a cane toad
   727 | D        | Noticed a blink frog
   727 | D        | Noticed a rime drake
   729 | D        | Noticed a seven-headed hydra
   731 | D        | Killed a cane toad
   736 | D        | Killed a blink frog
   736 | D        | Reached **** piety under Makhleb
   737 | D        | Noticed a smoke demon
   741 | D        | Noticed a cane toad
   752 | D        | Killed a 13-headed hydra
   753 | D        | Reached skill level 10 in Axes
   753 | D        | Reached skill level 1 in Invocations
   753 | D        | Reached XP level 9. HP: 53/91 MP: 8/8
   760 | D        | Killed a rime drake
   767 | D        | Killed a cane toad
   767 | D        | Reached ***** piety under Makhleb
   889 | D        | Noticed a komodo dragon
   889 | D        | Noticed a cane toad
   889 | D        | Noticed an elephant
   893 | D        | Killed a komodo dragon
   900 | D        | Reached XP level 10. HP: 100/100 MP: 10/10
   906 | D        | Killed a cane toad
   915 | D        | Killed an elephant
   935 | D        | Reached ****** piety under Makhleb
   969 | D        | Reached skill level 15 in Armour
  1127 | D        | Noticed an orc knight
  1153 | D        | Killed an orc knight
  1167 | D        | Noticed an orc knight
  1172 | D        | Noticed an orc knight
  1181 | D        | Killed an orc knight
  1188 | D        | Reached skill level 15 in Axes
  1205 | D        | Killed an orc knight
  1206 | D        | Reached skill level 15 in Shields
  1206 | D        | Reached XP level 11. HP: 74/111 MP: 11/11
  1481 | D        | Found Ketzon's Weapon Emporium.
  1481 | D        | Noticed an orc sorcerer
  1481 | D        | Noticed an orc sorcerer
  1481 | D        | Noticed an orc sorcerer
  1488 | D        | Noticed a sixfirhy
  1492 | D        | Killed an orc sorcerer
  1493 | D        | Found Marej's Book Shoppe.
  1498 | D        | Killed an orc sorcerer
  1499 | D        | Found Mydoisom's Weapon Emporium.
  1503 | D        | Killed an orc sorcerer
  1508 | D        | Reached skill level 15 in Fighting
  1510 | D        | Found Waelur's General Store.
  1513 | D        | Noticed an orc sorcerer
  1513 | D        | Noticed an orc sorcerer
  1534 | D        | Paralysed by an orc sorcerer for 4 turns
  1539 | D        | Killed an orc sorcerer
  1550 | D        | Killed an orc sorcerer
  1575 | D        | Bought a potion of heal wounds for 65 gold pieces
  1778 | D        | Noticed Psyche
  1784 | D        | Killed Psyche
  2014 | D        | Noticed a tengu warrior
  2014 | D        | Noticed a wizard
  2026 | D        | Killed a tengu warrior
  2027 | D        | Reached skill level 1 in Dodging
  2034 | D        | Noticed a cyan ugly thing
  2036 | D        | Noticed a fire dragon
  2041 | D        | Noticed a fire dragon
  2042 | D        | Killed an unseen horror
  2047 | D        | Noticed a deep troll shaman
  2055 | D        | Killed an unseen horror
  2055 | D        | Noticed a centaur warrior
  2060 | D        | Killed a cyan ugly thing
  2067 | D        | Noticed an ice dragon
  2068 | D        | Killed a fire dragon
  2072 | D        | Noticed a wizard
  2077 | D        | Killed a wizard
  2079 | D        | Killed a fire dragon
  2080 | D        | Reached XP level 12. HP: 104/124 MP: 12/12
  2086 | D        | Killed a deep troll shaman
  2092 | D        | Killed a centaur warrior
  2097 | D        | Killed an ice dragon
  2258 | D        | Noticed Rupert
  2262 | D        | Paralysed by Rupert for 4 turns
  2262 | D        | Noticed Agnes
  2277 | D        | HP: 2/125 [Rupert/+1 executioner's axe of flaming (9)]
  2283 | D        | Killed Rupert
  2284 | D        | Reached skill level 5 in Dodging
  2288 | D        | Mangled by Agnes

Illustrated notes

Levels and vault maps discovered:
D:        linesprint [early_d, line_temple, items_1, d_10, items_2, lair_1,
          lair_end, items_3, orc_1, orc_end, items_4, d_15, swamp_1, shoals_1,
          snake_1, spider_1, d_20, vaults_1, items_5, swamp_end, shoals_end,
          snake_end, spider_end, vaults_end, d_27, items_6, zot_1, zot_end,
          crypt_end, forest_end, elf_end, slime_end, tomb_end, abyss_end,
          pan_hell_end]

Skill      XL: |  1  2  3  4  5  6  7  8  9 10 11 12 |
---------------+-------------------------------------+-----
Fighting       | 5 6 7 9 10 11 12 14 16 17 | 17.4
Armour         | 5 6 7 9 11 13 14 15 16 | 16.8
Shields        | 5 6 7 9 11 12 13 15 17 18 | 18.3
Long Blades    | 3 4 5 7 9 |  9.6
Axes           | 1 3 6 10 12 15 17 18 | 18.6
Invocations    | 1 2 |  2.4
Dodging        | 3 5 |  5.5
Stealth        | |  0.2

Action                   |  1- 3 |  4- 6 |  7- 9 | 10-12 || total
-------------------------+-------+-------+-------+-------++-------
Melee: Long sword        |    20 |       |       |       ||    20
       Headbutt          |     6 |     2 |    13 |    54 ||    75
       War axe           |     3 |    22 |    60 |   325 ||   410
Invok: Lesser Servant of |       |       |     2 |       ||     2
  Use: Potion            |       |     1 |     6 |     1 ||     8
Armor: Scale mail        |     1 |       |       |    22 ||    23
       Plate armour      |     4 |     4 |    54 |    54 ||   116
Dodge: Dodged            |     9 |     8 |    42 |    54 ||   113
Block: Kite shield       |    10 |    12 |    54 |    90 ||   166
       Tower shield      |       |       |       |    72 ||    72
       Rpst.: Long sword |     4 |       |       |       ||     4
